 Dungeon Crawl Stone Soup version 0.28-a0-802-g09f76e8c00 (webtiles) character file.

Game seed: 4693617675881839322

263612 siradein the Warrior (level 19, -2/238 HPs)
             Began as a Demonspawn Berserker on Nov 6, 2021.
             Was the Champion of Trog.
             Constricted to death by a naga (4 damage)
             ... on level 4 of the Snake Pit.
             The game lasted 01:34:48 (29740 turns).

siradein the Warrior (Demonspawn Berserker)        Turns: 29740, Time: 01:34:49

Health: -2/238     AC: 34    Str: 23    XL:     19   Next: 63%
Magic:  0/17       EV: 13    Int:  6    God:    Trog [******]
Gold:   2685       SH: 20    Dex: 19    Spells: 18/18 levels left

rFire   + + +      SeeInvis .   X - +4 eveningstar (chaos)
rCold   x . .      Faith    .   v - +3 tower shield {rN+}
rNeg    + + .      Spirit   +   Q - +1 plate armour of Shadows and Fog {Int-2 Dex+3 Slay+3}
rPois   +          Reflect  .   m - +2 hat
rElec   +          Harm     .   (cloak unavailable)
rCorr   .          Rampage  .   p - +2 pair of gloves
Will    +++..                   r - +2 pair of boots
Stlth   ..........              k - amulet of regeneration
HPRegen 2.49/turn               C - +4 ring of protection
MPRegen 0.30/turn               K - ring "Derolas" {rElec rF+++ rC- rN+ EV+4}

@: berserking (expiring), lethally poisoned (-2 -> -3), weakened, strong-willed,
regenerating, constricted, very quick
A: slimy green scales 3, ignite blood 2, augmentation 1, magic shield, magic
regeneration, weakness stinger 3, low mp 1, wild magic 1
}: 1/15 runes: decaying
a: Renounce Religion, Berserk, Trog's Hand, Brothers in Arms


You were on level 4 of the Snake Pit.
You worshipped Trog.
Trog was exalted by your worship.
You visited 5 branches of the dungeon, and saw 31 of its levels.
You also visited: Ossuary and Volcano.

You collected 3750 gold pieces.
You spent 1065 gold pieces at shops.

Inventory:

Hand Weapons
 S - the +5 demon whip "Odurgheqo" {freeze, rC++ Will+ Str-4 Int-4}
   (You acquired it on level 1 of the Swamp)

   It freezes those it strikes, dealing additional cold damage.
   It can also slow down cold-blooded creatures.
   Str:       It affects your strength (-4).
   Int:       It affects your intelligence (-4).
   rC:        It greatly protects you from cold.
   Will:      It increases your willpower.
 T - a +4 antimagic eveningstar
 X - a +4 eveningstar of chaos (weapon)
Missiles
 n - 11 javelins
 t - 14 atropa-tipped darts
 P - 2 throwing nets (quivered)
Armour
 m - a +2 hat (worn)
 p - a +2 pair of gloves (worn)
 r - a +2 pair of boots (worn)
 v - a +3 tower shield of positive energy (worn)
 Q - the +1 plate armour of Shadows and Fog (worn) {Int-2 Dex+3 Slay+3}
   (You bought it in a shop on level 10 of the Dungeon)

   Int:       It affects your intelligence (-2).
   Dex:       It affects your dexterity (+3).
   Slay:      It affects your accuracy & damage with ranged weapons and melee
   (+3).
Jewellery
 i - the ring of Hunes {Will+ Int+3}
   (You found it on level 13 of the Dungeon)

   [ring of willpower]

   Int:       It affects your intelligence (+3).
   Will:      It increases your willpower.
 k - an amulet of regeneration (around neck)
 u - the ring of Rugh {rElec rPois rF+++ Int-5 Dex+6}
   (You found it on level 8 of the Dungeon)

   [ring of dexterity]

   Int:       It affects your intelligence (-5).
   Dex:       It affects your dexterity (+6).
   rF:        It renders you almost immune to fire.
   rElec:     It insulates you from electricity.
   rPois:     It protects you from poison.
 z - a ring of positive energy
 B - a ring of resist corrosion
 C - a +4 ring of protection (left hand)
 K - the ring "Derolas" (right hand) {rElec rF+++ rC- rN+ EV+4}
   (You found it on level 2 of the Lair of Beasts)

   [ring of evasion]

   EV:        It affects your evasion (+4).
   rF:        It renders you almost immune to fire.
   rC:        It makes you vulnerable to cold.
   rElec:     It insulates you from electricity.
   rN:        It protects you from negative energy.
 R - a ring of see invisible
Wands
 j - a wand of iceblast (26)
 A - a wand of charming (20)
 D - a wand of mindburst (14)
 G - a wand of paralysis (21)
 O - a wand of flame (95)
 U - a wand of polymorph (9)
 W - a wand of acid (14)
 Z - a wand of digging (3)
Scrolls
 b - 17 scrolls of teleportation
 c - a scroll of silence
 f - 5 scrolls of fear
 l - 2 scrolls of summoning
 s - 8 scrolls of fog
 x - a scroll of immolation
 J - 3 scrolls of identify
 L - 3 scrolls of magic mapping
 N - 3 scrolls of blinking
 Y - 3 scrolls of enchant armour
Potions
 a - 17 potions of curing
 d - 2 potions of resistance
 e - 4 potions of flight
 g - 4 potions of magic
 o - 9 potions of haste
 q - 3 potions of might
 E - 7 potions of ambrosia
 F - 6 potions of heal wounds
 H - 7 potions of cancellation
 I - a potion of invisibility
 M - 3 potions of mutation
 V - 2 potions of berserk rage
Miscellaneous
 h - a lightning rod (4/4)
 w - a phial of floods
 y - a phantom mirror


   Skills:
 + Level 16.6 Fighting
 + Level 14.4 Maces & Flails
 + Level 14.5 Armour
 + Level 14.4 Dodging
 + Level 8.9 Shields
 + Level 12.0 Evocations


You had 18 spell levels left.
You didn't know any spells.
Your spell library was empty.

Dungeon Overview and Level Annotations

Branches:
Dungeon (15/15)            Temple (0/1) D:5            Lair (6/6) D:9
  Swamp (4/4) Lair:2        Snake (4/4) Lair:3        Slime (0/5) Lair:6
    Orc (2/2) D:9             Elf (0/3) Orc:2        Vaults (0/5) D:14
 Depths (0/4) D:15        Ossuary (visited)         Volcano (visited)

Altars:
Hepliaklqana
Kikubaaqudgha
Nemelex Xobeh
Ru
Sif Muna
Xom
Yredelemnul
The Shining One
Jiyva

Shops:
D:5 ?   D:7 =   D:10 [   D:14 =   Orc:1 =   Orc:2 *:?(   Snake:1 *   Snake:3 :

Portals:
Pandemonium: Orc:2

Annotations:
D:15 2 transporters, Loulutte's ghost, journeyman DDWr
Lair:6 1 runed translucent door


Innate Abilities, Weirdness & Mutations

You are completely covered in slimy green scales. (AC +4, rPois)
Your demonic aura often causes spilled blood to erupt in flames.
Your magical and physical power is slightly enhanced at high health.
When hurt, damage is shared between your health and your magic reserves.
You regenerate magic rapidly.
You have a sharp stinger which inflicts weakening toxins.
Your magical capacity is low. (-10% MP)
Your spells are a little harder to cast, but a little more powerful.


Message History

Trog accepts your kill.
Trog appreciates your killing of a magic user.
You feel very sick.
The naga ritualist hits you but does no damage.
You block the naga mage's attack. You block the salamander's attack.
The salamander hits you from afar with a +1 halberd!
* * * LOW HITPOINT WARNING * * *
You are engulfed in flames.
You resist.
* * * LOW HITPOINT WARNING * * *
The salamander mystic gestures at the salamander while chanting.
The salamander seems to speed up.
You block the anaconda's attack. The salamander misses you.
You are too berserk!
You are too berserk!
You sock the anaconda! You burn the anaconda.
You feel the power of Trog in you as your rage grows.
You kill the anaconda!
Trog accepts your kill.
You feel very sick.
The salamander looks more healthy.
You are more poisoned.
The naga is no longer weakened.
You block the naga's attack. The naga constricts you.
You block the naga's attack.
The naga warrior is engulfed in blazing flames.
You block the salamander's attack. You block the naga mage's attack.
The naga ritualist misses you. The salamander misses you.
The salamander hits you but does no damage.
You closely miss the naga warrior. You tail-slap the naga warrior.
The naga warrior is almost dead.
You feel very sick.
The naga ritualist no longer looks unusually strong.
You block the naga mage's attack.
The salamander hits you but does no damage.
You block the naga's attack. You block the mana viper's attack.
The salamander hits you but does no damage.
The naga spits poison at you. The splash of poison misses you.
The splash of poison hits the salamander but does no damage.
The salamander is poisoned.
The naga constricts you.
You die...

#.#......#
###.##.....#......#
.###....#.....#......#
.........#.....#......#
.........'.....#......##
.........#.....#........
.........####..#..N.....
............####NN......
..............NN@NN.....
...............S☼.N.....
.............NNNN......
.........<.............
.......................
#...######.........####
### ##.......##
##......# #......#


You could see a naga warrior (agile, catching breath, weak), a salamander
mystic, 4 salamanders, a naga ritualist (toxic aura), a mana viper, a naga mage
(fast) and 4 nagas.

Vanquished Creatures
  Saint Roka (Snake:3)
  the Lernaean hydra (Swamp:4)
  Vashnia (Snake:2)
  Jorgrun (D:13)
  Mlioglotl (Swamp:1)
  Agnes (D:15)
  3 nagarajas
  A fire giant (D:15)
  A fenstrider witch (Swamp:4)
  Roxanne (Swamp:2)
  The ghost of R007833r the Alchemist, an adept DrFE of Vehumet (Swamp:4)
  Louise (Swamp:4)
  6 bunyips
  A red draconian (Volcano)
  9 eleionomae
  The ghost of Afosmoedd the Thaumaturge, a journeyman DrCj of Vehumet (D:13)
  An ettin (Orc:2)
  8 vault guards (D:14)
  3 boulder beetles
  2 shambling mangroves (Swamp:2)
  Harold (D:8)
  11 naga warriors
  4 centaur warriors
  The ghost of Borge the Covert, a journeyman KoCj of Sif Muna (D:9)
  A ghost crab (Swamp:4)
  A salamander tyrant (Snake:4)
  5 alligators
  6 anacondas
  2 catoblepae
  3 demonspawn (Orc:2)
  20 hydras
  A dancing weapon (D:9)
  9 two-headed ogres
  2 death knights
  12 naga sharpshooters
  4 tengu warriors
  5 orc high priests (Orc:2)
  3 shock serpents
  A soul eater (Orc:2)
  4 spriggan druids
  15 swamp dragons
  4 naga ritualists
  9 goliath frogs
  6 bog bodies
  2 wizards (D:14)
  A phantasmal warrior (D:13)
  2 deep elf pyromancers (D:14)
  2 lindwurms
  7 orc sorcerers
  4 orc knights (Orc:2)
  10 ugly things
  8 mana vipers
  8 salamanders
  5 cyclopes
  3 will-o-the-wisps
  2 manticores (D:15)
  11 slime creatures
  14 elephants
  Joseph (D:7)
  2 guardian serpents (Snake:3)
  35 black mambas
  An orange demon (Orc:2)
  2 molten gargoyles (Volcano)
  Maggie (D:7)
  25 cane toads
  7 naga magi
  2 rime drakes
  Psyche (D:10)
  6 komodo dragons
  4 kobold demonologists
  3 yaktaurs (Volcano)
  2 freezing wraiths (D:13)
  A red devil (Orc:2)
  A queen bee (D:12)
  5 trolls
  12 tyrant leeches
  4 tengu conjurers
  3 polar bears
  7 hornets
  3 meliai (D:12)
  13 dream sheep (Lair:5)
  23 blink frogs
  9 spriggans
  Sigmund (D:2)
  2 shadows
  5 wraiths
  A centaur simulacrum (D:15)
  33 yaks
  2 fire bats (Volcano)
  A golden eye (shapeshifter) (D:14)
  3 wyverns
  3 basilisks
  14 swamp worms
  21 vampire mosquitoes
  36 nagas
  A neqoxec (Orc:2)
  2 steam dragons
  4 wargs
  15 water moccasins
  9 swamp drakes
  2 ice beasts (D:8)
  5 sky beasts
  A black bear (shapeshifter) (D:8)
  30 orc warriors
  7 ogres
  5 necrophages
  6 centaurs
  4 boggarts (D:15)
  28 wolves
  An elf zombie (Ossuary)
  4 kobold brigands
  3 scorpions
  24 bullfrogs
  2 wyvern zombies (D:8)
  20 killer bees
  9 wights (D:8)
  14 howler monkeys
  An electric eel (Lair:6)
  5 lava snakes (Volcano)
  6 centaur zombies
  2 human zombies
  A jelly (D:5)
  A gnoll shaman (D:6)
  Crazy Yiuf (D:2)
  2 hounds
  17 orc priests
  Terence (D:2)
  Natasha (thrice) (D:4)
  2 iguanas
  11 orc wizards
  3 killer bee zombies
  2 ogre zombies (Ossuary)
  A hound skeleton (D:2)
  8 mummies
  8 adders
  4 gnolls (D:6)
  2 shadow imps
  2 white imps
  3 ufetubi
  7 adder zombies (Ossuary)
  An adder skeleton (D:4)
  4 worms
  2 dart slugs
  60 orcs
  3 ball pythons
  7 bats
  11 endoplasms
  6 giant cockroaches
  5 goblins
  5 hobgoblins
  7 jackals (D:5)
  4 quokkas
  5 frilled lizards
  6 goblin zombies (Ossuary)
  A hobgoblin zombie (Ossuary)
  12 kobolds
  4 kobold zombies (Ossuary)
  2 quokka zombies (Ossuary)
  9 rats
  3 rat zombies (Ossuary)
  2 toadstools (D:1)
997 creatures vanquished.

Vanquished Creatures (others)
  A hydra (Swamp:4)
  A two-headed ogre (D:13)
  A black mamba (Snake:3)
  4 bloated husks
  3 bushes
  14 foxfires
  34 fungi
  84 plants
  2 toadstools (D:1)
144 creatures vanquished.

Grand Total: 1141 creatures vanquished

Notes
Turn   | Place    | Note
-------+----------+-------------------------------------------
     0 | D:1      | siradein the Demonspawn Berserker began the quest for the
                  | Orb.
     0 | D:1      | Reached XP level 1. HP: 18/18 MP: 1/1
   338 | D:1      | Gained mutation: You have a small tail. [demonic ancestry]
   338 | D:1      | Reached XP level 2. HP: 24/24 MP: 2/2
   970 | D:2      | Noticed Sigmund
   988 | D:2      | Killed Sigmund
   989 | D:2      | Reached skill level 4 in Fighting
   989 | D:2      | Gained mutation: You have a tail ending in a sharp stinger.
                  | [demonic ancestry]
   989 | D:2      | Reached XP level 3. HP: 30/30 MP: 3/3
   989 | D:2      | Gained mutation: Your demonic aura sometimes causes spilled
                  | blood to erupt in flames. [demonic ancestry]
   989 | D:2      | Reached XP level 4. HP: 37/37 MP: 4/4
   989 | D:2      | Gained mutation: You regenerate magic rapidly. [demonic
                  | ancestry]
   989 | D:2      | Reached XP level 5. HP: 42/42 MP: 5/5
  1176 | D:2      | Reached ** piety under Trog
  1704 | D:2      | Found a faded altar of an unknown god.
  1776 | D:2      | Noticed Terence
  1782 | D:2      | Killed Terence
  1783 | D:2      | Gained mutation: You are partially covered in slimy green
                  | scales. (AC +2) [demonic ancestry]
  1783 | D:2      | Reached XP level 6. HP: 48/48 MP: 6/6
  2130 | D:2      | Found a runed translucent door.
  2131 | D:2      | Noticed Crazy Yiuf
  2224 | D:2      | Killed Crazy Yiuf
  3027 | D:4      | Found a sacrificial altar of Ru.
  3162 | D:4      | Reached *** piety under Trog
  3305 | D:4      | Noticed an orc warrior
  3310 | D:4      | Reached XP level 7. HP: 55/55 MP: 7/7
  3392 | D:4      | Reached skill level 5 in Fighting
  3748 | D:4      | Noticed Natasha
  3754 | D:4      | Killed Natasha
  3790 | D:4      | Noticed Natasha
  3801 | D:4      | Killed Natasha
  3944 | D:5      | Entered Level 5 of the Dungeon
  4133 | D:5      | Found a sand-covered staircase.
  4137 | Ossuary  | Entered an ossuary
  4236 | Ossuary  | Reached **** piety under Trog
  4297 | Ossuary  | Reached skill level 5 in Maces & Flails
  4297 | Ossuary  | Gained mutation: Your demonic aura often causes spilled
                  | blood to erupt in flames. [demonic ancestry]
  4297 | Ossuary  | Reached XP level 8. HP: 63/63 MP: 8/8
  4802 | D:5      | Reached skill level 6 in Fighting
  4802 | D:5      | Reached skill level 5 in Armour
  4856 | D:5      | Reached skill level 5 in Dodging
  5012 | D:5      | Found a staircase to the Ecumenical Temple.
  5035 | D:5      | Found Jeoveg Onga's Magic Scroll Shop.
  5503 | D:6      | Found a shimmering blue altar of Sif Muna.
  5637 | D:6      | Found a sparkling altar of Nemelex Xobeh.
  5721 | D:6      | Reached skill level 1 in Shields
  5727 | D:6      | Reached ***** piety under Trog
  5978 | D:6      | Gained mutation: When hurt, damage is shared between your
                  | health and your magic reserves. [demonic ancestry]
  5978 | D:6      | Reached XP level 9. HP: 71/71 MP: 9/9
  6285 | D:7      | Noticed a troll
  6293 | D:7      | Killed a troll
  6308 | D:7      | Noticed Joseph
  6320 | D:7      | Killed Joseph
  6321 | D:7      | Reached skill level 7 in Fighting
  6342 | D:7      | Found Jedwak's Jewellery Emporium.
  6363 | D:7      | Noticed Maggie
  6371 | D:7      | Killed Maggie
  6743 | D:8      | Noticed Harold
  6743 | D:8      | Noticed a troll
  6762 | D:8      | Killed Harold
  6763 | D:8      | Reached XP level 10. HP: 79/79 MP: 8/10
  7244 | D:8      | Found an ancient bone altar of Kikubaaqudgha.
  7374 | D:8      | Found a runed translucent door.
  7375 | D:8      | Found a runed translucent door.
  7376 | D:8      | Found a runed translucent door.
  7389 | D:8      | Reached skill level 8 in Fighting
  7394 | D:8      | Noticed a soul eater
  7515 | D:8      | Found a runed translucent door.
  7515 | D:8      | Noticed a boulder beetle
  7516 | D:8      | Found a runed translucent door.
  7516 | D:8      | Noticed a boulder beetle
  7864 | D:9      | Found a staircase to the Orcish Mines.
  7886 | D:9      | Found a staircase to the Lair.
  7975 | D:9      | Found a runed translucent door.
  7977 | D:9      | Found a shimmering altar of Xom.
  7977 | D:9      | Noticed Borge's ghost (journeyman KoCj)
  7977 | D:9      | Noticed a +2 flail of chaos
  8747 | D:10     | Entered Level 10 of the Dungeon
  8775 | D:10     | Noticed Psyche
  8790 | D:10     | Gained mutation: You are mostly covered in slimy green
                  | scales. (AC +3) [demonic ancestry]
  8790 | D:10     | Reached XP level 11. HP: 86/87 MP: 11/11
  8800 | D:10     | Killed Psyche
  9066 | D:10     | Noticed a two-headed ogre
  9086 | D:10     | Killed a two-headed ogre
  9087 | D:10     | Reached skill level 9 in Fighting
  9132 | D:10     | Received a gift from Trog
  9340 | D:10     | Found Jumyupp's Antique Armour Shoppe.
  9446 | D:10     | Found a hazy altar of Hepliaklqana.
  9744 | D:4      | Noticed Natasha
  9749 | D:4      | Killed Natasha
 10950 | Lair:1   | Entered Level 1 of the Lair of Beasts
 11044 | Lair:1   | Reached skill level 10 in Fighting
 11307 | Lair:1   | Noticed a lindwurm
 11316 | Lair:1   | Found a dark tunnel.
 11323 | Lair:1   | Killed a lindwurm
 11323 | Lair:1   | Received a gift from Trog
 11324 | Lair:1   | Reached XP level 12. HP: 95/97 MP: 10/12
 11369 | Volcano  | Entered a volcano
 11638 | Volcano  | Found a bloodstained altar of Trog.
 11638 | Volcano  | Noticed a centaur warrior
 11648 | Volcano  | Killed a centaur warrior
 11662 | Volcano  | Noticed a red draconian
 11674 | Volcano  | Killed a red draconian
 12589 | Lair:2   | Identified the ring "Derolas" {rElec rF+++ rC- rN+ EV+4}
 12806 | D:10     | Bought a topaz-encrusted plate armour for 868 gold pieces
 12806 | D:10     | Identified the +1 plate armour of Shadows and Fog {Int-2
                  | Dex+3 Slay+3} (You bought it in a shop on level 10 of the
                  | Dungeon)
 13120 | Lair:2   | Noticed a four-headed hydra
 13126 | Lair:2   | Killed a four-headed hydra
 13127 | Lair:2   | Reached skill level 10 in Maces & Flails
 13127 | Lair:2   | Reached skill level 1 in Evocations
 13156 | Lair:2   | Noticed a seven-headed hydra
 13157 | Lair:2   | Found a staircase to the Swamp.
 13165 | Lair:2   | Killed a seven-headed hydra
 13172 | Lair:2   | Reached skill level 11 in Fighting
 13430 | Lair:3   | Reached skill level 10 in Dodging
 13434 | Lair:3   | Reached skill level 10 in Armour
 13650 | Lair:3   | Found a staircase to the Snake Pit.
 13943 | Lair:4   | Reached XP level 13. HP: 106/106 MP: 13/13
 14359 | Lair:4   | Received a gift from Trog
 14816 | Lair:5   | Found a sparkling altar of Nemelex Xobeh.
 15478 | Lair:6   | Entered Level 6 of the Lair of Beasts
 15585 | Lair:6   | Reached skill level 5 in Evocations
 15599 | Lair:6   | Reached skill level 12 in Fighting
 15687 | Lair:6   | Reached ****** piety under Trog
 15785 | Lair:6   | Found a runed translucent door.
 15785 | Lair:6   | Found a viscous altar of Jiyva.
 15786 | Lair:6   | Found a staircase to the Slime Pits.
 15786 | Lair:6   | Noticed an acid blob
 15991 | Lair:6   | Gained mutation: Your magical and physical power is
                  | slightly enhanced at high health. [demonic ancestry]
 15991 | Lair:6   | Reached XP level 14. HP: 96/115 MP: 12/14
 16879 | Orc:1    | Entered Level 1 of the Orcish Mines
 16916 | Orc:1    | Received a gift from Trog
 17148 | Orc:2    | Entered Level 2 of the Orcish Mines
 17384 | Orc:2    | Found a staircase to the Elven Halls.
 17795 | Orc:2    | Found Zuvveaxt's General Store.
 17819 | Orc:2    | Found Hokyi's Magic Scroll Shop.
 17864 | Orc:2    | Bought a scroll of identify for 36 gold pieces
 17864 | Orc:2    | Bought a scroll of enchant weapon for 135 gold pieces
 18104 | Orc:2    | Paralysed by an orc sorcerer for 3 turns
 18169 | Orc:2    | Received a gift from Trog
 18250 | Orc:2    | Reached skill level 13 in Fighting
 18313 | Orc:2    | Found Xodewef's Antique Weapon Shoppe.
 18313 | Orc:2    | Found Wiquxar's Book Emporium.
 18314 | Orc:2    | Found a one-way gate leading to the halls of Pandemonium.
 18380 | Orc:2    | Bought a scroll of identify for 26 gold pieces
 18380 | Orc:2    | Identified 2 scrolls of acquirement
 18610 | Orc:1    | Found Neatuah's Jewellery Emporium.
 18891 | D:9      | Killed Borge's ghost
 19554 | D:12     | Identified the +5 great sword of Glory {venom, +Blink rElec
                  | rF+}
 19769 | D:8      | Reached XP level 15. HP: 124/124 MP: 15/15
 19838 | D:8      | Identified the +1 battleaxe of Stickiness {flame, Str+6}
                  | (Trog gifted it to you on level 8 of the Dungeon)
 19838 | D:8      | Received a gift from Trog
 19899 | D:8      | Identified the ring of Rugh {rElec rPois rF+++ Int-5 Dex+6}
 20212 | D:13     | Gained mutation: You are dopey. (Int -2) [potion of
                  | mutation]
 20212 | D:13     | Gained mutation: You tend to lose your temper in combat.
                  | [potion of mutation]
 20212 | D:13     | Gained mutation: You have hidden genetic defects. [potion
                  | of mutation]
 20213 | D:13     | Lost mutation: You are dopey. (Int -2) [potion of mutation]
 20213 | D:13     | Lost mutation: You have hidden genetic defects. [potion of
                  | mutation]
 20213 | D:13     | Gained mutation: Your spells are a little harder to cast,
                  | but a little more powerful. [potion of mutation]
 20214 | D:13     | Lost mutation: Your spells are a little harder to cast, but
                  | a little more powerful. [potion of mutation]
 20214 | D:13     | Lost mutation: You tend to lose your temper in combat.
                  | [potion of mutation]
 20214 | D:13     | Gained mutation: Your magical capacity is low. (-10% MP)
                  | [potion of mutation]
 20214 | D:13     | Gained mutation: Your spells are a little harder to cast,
                  | but a little more powerful. [potion of mutation]
 20339 | D:13     | Noticed Afosmoedd's ghost (journeyman DrCj)
 20354 | D:13     | Found a transporter.
 20360 | D:13     | Found a transporter.
 20504 | D:13     | Noticed Jorgrun
 20513 | D:13     | Killed Jorgrun
 20965 | D:13     | Killed Afosmoedd's ghost
 21008 | D:13     | Identified the ring of Hunes {Will+ Int+3}
 21091 | D:14     | Found a gate to the Vaults.
 21227 | D:14     | Found Assoz's Jewellery Boutique.
 21250 | D:14     | Reached skill level 5 in Shields
 21265 | D:14     | Reached skill level 14 in Fighting
 21752 | D:15     | Entered Level 15 of the Dungeon
 21754 | D:15     | Noticed Agnes
 21760 | D:15     | Killed Agnes
 21760 | D:15     | Received a gift from Trog
 21819 | D:15     | Found a transporter.
 21835 | D:15     | Noticed Loulutte's ghost (journeyman DDWr)
 21845 | D:15     | Found a transporter.
 21848 | D:15     | Found a staircase to the Depths.
 21848 | D:15     | Noticed a fire giant
 22040 | D:15     | Killed a fire giant
 22104 | D:15     | Reached skill level 15 in Fighting
 22104 | D:15     | Reached XP level 16. HP: 136/136 MP: 14/14
 22105 | D:15     | Reached XP level 17. HP: 142/142 MP: 15/15
 22653 | D:15     | Acquired 557 gold pieces
 23173 | Swamp:1  | Entered Level 1 of the Swamp
 23282 | Swamp:1  | Noticed Mlioglotl
 23294 | Swamp:1  | Noticed a bone dragon
 23300 | Swamp:1  | Killed Mlioglotl
 23383 | Swamp:1  | Gained mutation: You are completely covered in slimy green
                  | scales. (AC +4, rPois) [demonic ancestry]
 23383 | Swamp:1  | Reached XP level 18. HP: 149/149 MP: 16/16
 23482 | Swamp:1  | Found a basalt altar of Yredelemnul.
 23939 | Swamp:1  | Reached skill level 10 in Evocations
 23939 | Swamp:1  | Acquired the +5 demon whip "Odurgheqo" {freeze, rC++ Will+
                  | Str-4 Int-4}
 24068 | Swamp:2  | Identified Roxanne's Almanac of Transmutation
 24068 | Swamp:2  | Noticed Roxanne
 24140 | Swamp:2  | Received a gift from Trog
 24406 | Swamp:2  | Identified the +5 falchion "Starlight" {vorpal, +Blink rN+
                  | Stlth+}
 24583 | Swamp:2  | Killed Roxanne
 25292 | Swamp:4  | Entered Level 4 of the Swamp
 25292 | Swamp:4  | Noticed Louise
 25316 | Swamp:4  | Found a runed translucent door.
 25316 | Swamp:4  | Noticed R007833r's ghost (adept DrFE)
 25326 | Swamp:4  | Killed Louise
 25516 | Swamp:4  | Received a gift from Trog
 25629 | Swamp:4  | Identified the +2 leather armour of Ru's Vengeance {rF+
                  | Str-3 Dex+3 SInv}
 25990 | Swamp:4  | Noticed the 27-headed Lernaean hydra
 26003 | Swamp:4  | Killed the 27-headed Lernaean hydra
 26160 | Swamp:4  | Got a decaying rune of Zot
 26469 | Swamp:4  | Killed R007833r's ghost
 26671 | Snake:1  | Entered Level 1 of the Snake Pit
 26690 | Snake:1  | Reached skill level 16 in Fighting
 26996 | Snake:1  | Received a gift from Trog
 26998 | Snake:1  | Gained mutation: You have a sharp stinger which inflicts
                  | weakening toxins. [demonic ancestry]
 26998 | Snake:1  | Reached XP level 19. HP: 142/157 MP: 17/17
 27135 | Snake:1  | Found Ytuimmem's Assorted Antiques.
 27147 | Snake:1  | Identified the +0 rapier "Nuenici" {vorpal, Str+3}
 28059 | Snake:2  | Noticed Vashnia
 28075 | Snake:2  | Killed Vashnia
 28874 | Snake:3  | Noticed Saint Roka
 28889 | Snake:3  | Killed Saint Roka
 29161 | Snake:3  | Received a gift from Trog
 29501 | Snake:3  | Found Haweofe's Book Shoppe.
 29557 | Snake:4  | Entered Level 4 of the Snake Pit
 29738 | Snake:4  | HP: 7/238 [salamander (14)]
 29739 | Snake:4  | HP: 3/238 [poisoned by a naga mage (bolt of poison)]
 29740 | Snake:4  | Constricted to death by a naga

Illustrated notes

Levels and vault maps discovered:
D:1:      ldierk_water_garden, layout_basic
D:2:      layout_basic, shapermc_ecumenical_altar_acropolis, grunt_ministairs_3,
          minmay_misc_feat_square, minmay_three_crescents, uniq_sigmund,
          uniq_crazy_yiuf_cottage, uniq_terence
D:3:      layout_basic, lemuel_another_geyser
D:4:      wad_river_or_something, layout_basic, nicolae_ru_awakened_eye,
          uniq_natasha
D:5:      minmay_spotlight, layout_basic, minmay_temple_entry_junction,
          lightli_ossuary_entry_decrepit_ruins, serial_shops, shop
D:6:      layout_loops_ring, nicolae_overflow_crystal_walls, kennysheep_mini,
          mainiacjoe_overflow_catwalk
D:7:      layout_rooms, serial_shops, shop, uniq_joseph, uniq_maggie
D:8:      minmay_the_grid_triangle_9x9_rhombus_full
          [minmay_the_grid_triangle_9x9_fully_insulated_deathbox,
          minmay_the_grid_triangle_9x9_stretched_checkered,
          minmay_the_grid_triangle_9x9_windchime,
          minmay_the_grid_triangle_9x9_warning,
          minmay_the_grid_triangle_9x9_tough_junction,
          minmay_the_grid_triangle_9x9_wacky_v,
          minmay_the_grid_triangle_9x9_flanged_cone,
          minmay_the_grid_triangle_9x9_prize_schism], layout_basic,
          lemuel_mausoleum_altar_kikubaaqudgha, uniq_harold
D:9:      layout_stronghold, erik_lair_orcish_takeover, orc_0_dummy,
          ebering_ghost_xom
D:10:     layout_loops_ring, lemuel_coloured_pillars_altar, serial_shops,
          shop_fountains, uniq_psyche
D:11:     layout_basic, serial_corexii_hall, chequers_hall_statues_corner_a,
          corexii_hall_statues_deadend, corexii_hall_statues_l,
          corexii_hall_statues_s
D:12:     layout_gridville, special_room [special_room_bee]
D:13:     layout_gridville, gammafunk_ghost_smash, uniq_jorgrun
D:14:     layout_rooms, erik_vaults_2, nicolae_benzene_ring,
          minmay_shop_enchanted_jewellery
D:15:     grunt_enter_depths_giant_problem, layout_stronghold,
          gammafunk_ghost_stat_death, uniq_agnes
Lair:1:   layout_regular_city, nicolae_volcano_entry_vermiform,
          columned_hall_lemuel
Lair:2:   layout_long_grid, palyth_hydra_swamp_entry,
          chequers_serial_rivers_large_a, st_stairs_7, patterned_corridor
Lair:3:   layout_loops_ring, guppyfry_snake_entry_garden
Lair:4:   layout_big_grid, cheibrodos_lair_caveside_slide, lemuel_fruit_tree
Lair:5:   layout_regular_city, basic_altar
Lair:6:   minmay_lair_end_frog_pond, layout_long_grid, slime_altar_2,
          infiniplex_staircase_pool_2
Swamp:1:  layout_basic_swamp, nicolae_swamp_some_circles, grunt_ruined_hall,
          uniq_mlioglotl
Swamp:2:  layout_basic_swamp, evilmike_swamp_ruin_house_5, uniq_roxanne
Swamp:3:  layout_falls_marsh, evilmike_swamp_ruin_house_6
Swamp:4:  swamp_old_school, layout_basic_swamp, hellmonk_ghost_happy_afterlife,
          uniq_louise
Snake:1:  nicolae_snake_hallway, layout_honeycomb, serial_shops, shop
Snake:2:  layout_rooms, grunt_megastairs_5, uniq_vashnia
Snake:3:  layout_layer_cave, serial_shops, nicolae_shop_behind_doors,
          uniq_saint_roka
Snake:4:  snake_pit, layout_cave_town
Orc:1:    layout_caves, serial_shops, shop
Orc:2:    pf_orc_diabolical, layout_caves, nicolae_orc_pool_cavern

Skill      XL: |  1  2  3  4  5  6  7  8  9 10 11 12 13 14 15 16 17 18 19 |
---------------+----------------------------------------------------------+-----
Armour         | 2 3 4 5 6 7 9 10 11 12 13 14 | 14.5
Dodging        | 2 3 4 5 6 7 9 10 11 12 13 14 | 14.4
Maces & Flails | 3 4 5 6 8 9 10 11 12 13 14 | 14.4
Fighting       | 4 5 6 7 8 10 11 12 13 15 16 | 16.6
Shields        | 1 3 4 5 6 7 8 |  8.9
Evocations     | 3 5 8 9 11 12 | 12.0

Action                   |  1- 3 |  4- 6 |  7- 9 | 10-12 | 13-15 | 16-18 | 19-21 || total
-------------------------+-------+-------+-------+-------+-------+-------+-------++-------
Melee: Mace              |    54 |   173 |   322 |       |       |       |       ||   549
       Tailslap          |     1 |    30 |    69 |   171 |   186 |   150 |    90 ||   697
       Morningstar       |       |       |    80 |   208 |       |       |       ||   288
       Demon whip        |       |       |       |   370 |       |   549 |    33 ||   952
       Eveningstar       |       |       |       |   126 |   917 |   144 |   334 ||  1521
Throw: Dart              |       |       |       |       |       |     2 |       ||     2
       Throwing net      |       |       |       |       |       |     1 |       ||     1
Invok: Berserk           |     1 |     3 |     3 |     3 |     1 |     4 |     4 ||    19
       Trog's Hand       |       |       |       |       |       |     3 |     4 ||     7
       Brothers in Arms  |       |       |       |       |       |     1 |       ||     1
Evoke: Wand              |       |       |       |     1 |       |       |       ||     1
  Use: Scroll            |       |       |    11 |     5 |    15 |     5 |     2 ||    38
       Potion            |       |       |       |       |     6 |     3 |       ||     9
 Stab: Sleeping          |     1 |       |       |       |       |       |       ||     1
       Petrified         |       |       |       |     3 |       |       |       ||     3
       Distracted        |       |       |       |       |     1 |       |       ||     1
       Confused          |       |       |       |       |       |     4 |     1 ||     5
Armor: Ring mail         |     4 |       |    11 |       |       |       |       ||    15
       Animal skin       |     1 |       |       |       |       |       |       ||     1
       Scale mail        |    20 |    53 |       |   209 |       |       |       ||   282
       Chain mail        |       |    65 |     1 |       |       |       |       ||    66
       Plate armour      |       |       |   246 |    70 |   520 |   358 |   224 ||  1418
Dodge: Dodged            |    28 |    95 |   119 |   365 |   572 |   304 |   242 ||  1725
Block: Buckler           |       |     3 |    66 |   218 |   316 |       |       ||   603
       Tower shield      |       |       |       |       |   168 |   630 |   561 ||  1359

Table legend: (Time is in decaauts)
 A = Elapsed time spent in this place.
 B = Non-inter-level travel time spent in this place.
 C = Inter-level travel time spent in this place.
 D = Time resting spent in this place.
 E = Time spent auto-exploring this place.
 F = Levels seen in this place.
 G = Mean time per level.
                   A        B        C        D        E       F      G
               +--------+--------+--------+--------+--------+-----+--------+
         Total |  30256 |  28165 |   2091 |    417 |  19255 |  33 |  916.8 |
       Dungeon |  14688 |  13225 |   1463 |    202 |   9764 |  15 |  979.2 |
          Lair |   5630 |   5173 |    457 |      0 |   3505 |   6 |  938.3 |
         Swamp |   3649 |   3551 |     98 |     67 |   2314 |   4 |  912.2 |
     Snake Pit |   3127 |   3056 |     71 |    120 |   2067 |   4 |  781.8 |
  Orcish Mines |   1959 |   1959 |      0 |      8 |   1172 |   2 |  979.5 |
       Ossuary |    591 |    591 |      0 |      0 |    271 |   1 |  591.0 |
       Volcano |    609 |    609 |      0 |     20 |    160 |   1 |  609.0 |
               +--------+--------+--------+--------+--------+-----+--------+

Top non-repeatable levels by time:
     D:8: 1631 daAuts
   Orc:2: 1430 daAuts
 Swamp:4: 1341 daAuts
     D:2: 1329 daAuts
  Lair:6: 1255 daAuts
     D:9: 1222 daAuts
 Snake:1: 1217 daAuts
 Snake:3: 1145 daAuts
    D:10: 1133 daAuts
     D:5: 1128 daAuts
  Lair:1: 1039 daAuts
  Lair:2: 1034 daAuts
     D:4: 1025 daAuts
     D:1: 977 daAuts
 Swamp:1: 972 daAuts
